 Dungeon Crawl Stone Soup version 0.31-a0-117-g42d8f58691 (webtiles) character file.

Game seed: 17295325421282477475

20335 ketsa the Cleaver (level 12, -5/113 HPs)
             Began as a Hill Orc Monk on May 26, 2023.
             Was a High Priest of Okawaru.
             Slain by a 12-headed hydra (9 damage)
             ... on level 3 of the Lair of Beasts on May 30, 2023.
             The game lasted 00:43:33 (17420 turns).

ketsa the Cleaver (Hill Orc Monk)                  Turns: 17420, Time: 00:43:34

Health: -5/113     AC: 16    Str: 18    XL:     12   Next: 78%
Magic:  0/20       EV: 14    Int:  9    God:    Okawaru [*****.]
Gold:   786        SH: 16    Dex: 23    Spells: 11/11 levels left

rFire   . . .        F - +2 hand axe (heavy)
rCold   . . .        U - +2 kite shield {reflect}
rNeg    . . .        h - +2 scale mail
rPois   +            (helmet restricted)
rElec   .            (no cloak)
rCorr   .            e - +0 pair of gloves
SInv    .            l - +0 pair of boots
Will    .....        v - amulet of guardian spirit
Stlth   ++           C - +6 ring of dexterity
HPRegen 0.38/turn    T - ring of poison resistance
MPRegen 0.17/turn

%: reflection, guardian spirit
@: heroic, finesse-ful
A: antennae 1, agile 1
a: Renounce Religion, Heroism, Finesse, Duel


You were on level 3 of the Lair of Beasts.
You worshipped Okawaru.
Okawaru was extremely pleased with you.
You visited 5 branches of the dungeon, and saw 18 of its levels.
You also visited: Sewer.

You collected 986 gold pieces.
You spent 200 gold pieces at shops.

Inventory:

Hand Weapons
 a - a +0 hand axe of electrocution
 u - a +0 battleaxe
 B - a +0 battleaxe
 F - a +2 heavy hand axe (weapon)
 L - a +2 vampiric hand axe
 M - a +4 hand axe
 Q - a +0 war axe
Missiles
 i - 2 curare-tipped darts
 j - 11 boomerangs
 o - 17 poisoned darts (quivered)
 P - 4 atropa-tipped darts
Armour
 b - a +0 robe
 d - an orb of light
 e - a +0 pair of gloves (worn)
 g - a +0 helmet
 h - a +2 scale mail (worn)
 l - a +0 pair of boots (worn)
 E - a +0 leather armour
 N - a +1 chain mail of cold resistance
 U - a +2 kite shield of reflection (worn)
Jewellery
 r - the ring "Olostic" {Int+6 Dex+3}
   (You found it on level 4 of the Dungeon)

   [ring of intelligence]

   Int:       It affects your intelligence (+6).
   Dex:       It affects your dexterity (+3).
 v - an amulet of guardian spirit (around neck)
 x - an amulet of magic regeneration
 C - a +6 ring of dexterity (left hand)
 D - a +6 ring of intelligence
 T - a ring of poison resistance (right hand)
 W - a ring of fire
Wands
 m - a wand of paralysis (9)
 t - a wand of roots (24)
 z - a wand of light (19)
 H - a wand of digging (7)
 O - a wand of flame (11)
Scrolls
 f - 2 scrolls of poison
 w - 3 scrolls of teleportation
 y - a scroll of identify
 I - a scroll of amnesia
 K - 2 scrolls of magic mapping {unknown}
 R - a scroll of fog
 S - 2 scrolls of enchant armour
Potions
 c - 2 potions of ambrosia
 k - 2 potions of mutation
 n - 2 potions of magic {unknown}
 p - 3 potions of berserk rage
 q - 4 potions of brilliance
 s - 5 potions of curing
 A - 2 potions of degeneration {unknown}
 G - 4 potions of haste
 J - 3 potions of attraction {unknown}
 V - a potion of enlightenment


   Skills:
 - Level 12.5(17.5) Fighting
 - Level 14.0(19.0) Axes
 - Level 11.5(16.5) Armour
 - Level 2.4(7.4) Dodging
 + Level 7.5(12.5) Shields
 - Level 10.9 Invocations


You had 11 spell levels left.
You didn't know any spells.
Your spell library contained the following spells:

 Spells                   Type           Power      Damage    Failure   Level
 Freeze                   Ice            0%         1d3       85%         1
 Cigotuvi's Dreadful Rot  Necr/Pois/Air  0%         N/A       94%         2
 Lesser Beckoning         Tloc           0%         N/A       94%         2
 Frozen Ramparts          Ice            0%         1d1       99%         3
 Gell's Gravitas          Tloc           0%         N/A       99%         3
 Hailstorm                Conj/Ice       0%         3d3       99%         3
 Teleport Other           Tloc           0%         N/A       99%         3
 Vampiric Draining        Necr           0%         2d6       99%         3
 Volatile Blastmotes      Fire/Tloc      0%         2d10      99%         3
 Dispel Undead            Necr           0%         3d6       100%        4
 Fulminant Prism          Conj/Hex       0%         3d5       100%        4
 Iskenderun's Mystic Bla  Conj/Tloc      0%         2d3       100%        4
 Lee's Rapid Deconstruct  Erth           0%         3d4*      100%        5
 Haunt                    Necr/Summ      Unusable   N/A       N/A         7

Dungeon Overview and Level Annotations

Branches:
Dungeon (11/15)            Temple (1/1) D:5            Lair (3/5) D:11
  Snake (1/4) Lair:2          Orc (2/2) D:9             Elf (0/3) Orc:2
  Sewer (visited)
  Swamp: Lair:2-3    Shoals: Lair:2-3

Altars:
Ashenzari
Cheibriados
Dithmenos
Elyvilon
Fedhas
Gozag
Hepliaklqana
Kikubaaqudgha
Makhleb
Nemelex Xobeh
Okawaru
Qazlal
Ru
Sif Muna
Trog
Uskayaw
Vehumet
Wu Jian
Xom
Yredelemnul
Zin
The Shining One

Shops:
D:6 (   D:10 *

Annotations:
D:2 1 runed translucent door, Crazy Yiuf


Innate Abilities, Weirdness & Mutations

You have a pair of small antennae on your head.
You are agile. (Dex +4, Str/Int -1)


Message History

The 11-headed hydra bites you. You block the 11-headed hydra's attack.
The 11-headed hydra completely misses you.
The 11-headed hydra bites you. The 11-headed hydra bites you!
The 11-headed hydra bites you but does no damage.
The 11-headed hydra barely misses you.
You hack one of the 11-headed hydra's heads off!
The ten-headed hydra grows two more!
You slash the 12-headed hydra!
The 12-headed hydra is heavily wounded.
You block the 12-headed hydra's attack. The 12-headed hydra bites you!
The 12-headed hydra bites you but does no damage.
The 12-headed hydra bites you.
The 12-headed hydra bites you but does no damage.
You block the 12-headed hydra's attack. The 12-headed hydra closely misses you.
The 12-headed hydra bites you! The 12-headed hydra bites you.
The 12-headed hydra bites you but does no damage.
The 12-headed hydra bites you. You block the 12-headed hydra's attack.
You can now deal lightning-fast blows.
The 12-headed hydra bites you but does no damage.
The 12-headed hydra bites you!
You block the 12-headed hydra's attack. x2
The 12-headed hydra barely misses you. The 12-headed hydra bites you!
* * * LOW HITPOINT WARNING * * *
You block the 12-headed hydra's attack.
The 12-headed hydra bites you but does no damage. x2
The 12-headed hydra misses you. You block the 12-headed hydra's attack.
The 12-headed hydra bites you!
* * * LOW HITPOINT WARNING * * *
You feel better. You block the 12-headed hydra's attack.
The 12-headed hydra closely misses you. You block the 12-headed hydra's attack.
The 12-headed hydra bites you!
* * * LOW HITPOINT WARNING * * *
The 12-headed hydra bites you!
* * * LOW HITPOINT WARNING * * *
The 12-headed hydra misses you.
The 12-headed hydra bites you but does no damage.
The 12-headed hydra bites you.
* * * LOW HITPOINT WARNING * * *
The 12-headed hydra bites you but does no damage.
The 12-headed hydra completely misses you.
The 12-headed hydra bites you!
You die...

##........
##.......P.
##........#.
##.........#
##..(......#..
##..(......#...
##..(.....#.# ..
####..D.......##
.
#P....@.......#
##........##.##
#.........## ##
.........##
.........#
......#..#
....##.### ....
#


You could see a 12-headed hydra.

Vanquished Creatures
  A two-headed ogre (D:10)
  5 cane toads
  An unseen horror (D:10)
  A gargoyle (D:10)
  2 kobold demonologists (D:11)
  4 trolls
  A polar bear (Lair:2)
  A hornet (D:10)
  9 blink frogs
  3 shadows
  A wraith (D:9)
  28 yaks
  4 basilisks
  6 wyverns
  A steam dragon (D:8)
  3 nagas (Lair:2)
  An acid dragon (D:11)
  Menkaure (D:7)
  9 water moccasins
  2 hell hounds (Lair:1)
  4 black bears
  12 orc warriors
  2 sky beasts
  6 wolves
  4 ogres
  7 centaurs
  A phantom (D:7)
  Blork the orc (D:4)
  2 gnoll sergeants
  6 kobold brigands
  4 bullfrogs
  2 scorpions
  17 wights
  4 killer bees (D:7)
  2 howler monkeys
  3 gnoll boudas
  A hound (D:6)
  12 orc priests
  3 sleepcaps
  An iguana (D:6)
  11 orc wizards
  17 gnolls
  11 adders
  2 shadow imps (D:6)
  2 white imps
  8 worms
  2 dart slugs
  42 orcs
  6 bats
  8 endoplasms
  3 giant cockroaches
  3 goblins
  5 hobgoblins
  6 jackals
  2 quokkas
  8 ball pythons
  4 frilled lizards
  12 kobolds
  9 rats
339 creatures vanquished.

Vanquished Creatures (others)
  A gnoll (D:8)
1 creature vanquished.

Grand Total: 340 creatures vanquished

Notes
Turn   | Place    | Note
-------+----------+-------------------------------------------
     0 | D:1      | ketsa the Hill Orc Monk began the quest for the Orb.
     0 | D:1      | Reached XP level 1. HP: 19/19 MP: 1/1
    67 | D:1      | Reached XP level 2. HP: 22/27 MP: 2/2
   648 | D:2      | Reached skill level 5 in Axes
   648 | D:2      | Reached XP level 3. HP: 23/33 MP: 3/3
   925 | D:2      | Found a runed translucent door.
   926 | D:2      | Noticed Crazy Yiuf
  1195 | D:2      | Found a faded altar of an unknown god.
  1311 | D:2      | Reached XP level 4. HP: 35/40 MP: 4/4
  1500 | D:3      | Reached skill level 1 in Armour
  1731 | D:3      | Found a broken altar of Ashenzari.
  1760 | D:3      | Reached skill level 6 in Axes
  2290 | D:4      | Found a glowing drain.
  2312 | Sewer    | Entered a sewer
  2432 | Sewer    | Noticed a kobold brigand
  2450 | Sewer    | Reached XP level 5. HP: 39/46 MP: 5/5
  2461 | Sewer    | Killed a kobold brigand
  2564 | Sewer    | Noticed a kobold brigand
  2580 | Sewer    | Gained mutation: You have a pair of small antennae on your
                  | head. [potion of mutation]
  2580 | Sewer    | Gained mutation: You are agile. (Dex +4, Str/Int -1)
                  | [potion of mutation]
  2588 | Sewer    | Killed a kobold brigand
  2589 | Sewer    | Reached skill level 7 in Axes
  2589 | Sewer    | Reached XP level 6. HP: 25/52 MP: 6/6
  2919 | Sewer    | Reached skill level 8 in Axes
  3299 | Sewer    | Reached XP level 7. HP: 41/59 MP: 7/7
  3395 | Sewer    | Reached skill level 9 in Axes
  3737 | D:4      | Identified the ring "Olostic" {Int+6 Dex+3}
  3843 | D:4      | Found a shimmering blue altar of Sif Muna.
  4221 | D:4      | Reached skill level 10 in Axes
  4400 | D:4      | Noticed Blork the orc
  4407 | D:4      | Killed Blork the orc
  4408 | D:4      | Reached XP level 8. HP: 53/66 MP: 8/8
  4722 | D:5      | Entered Level 5 of the Dungeon
  4841 | D:5      | Found a staircase to the Ecumenical Temple.
  5186 | D:5      | Reached skill level 11 in Axes
  5236 | Temple   | Entered the Ecumenical Temple
  6107 | D:6      | Reached skill level 12 in Axes
  6532 | D:6      | Found Byaxkucs's Antique Weapon Emporium.
  6835 | D:6      | Reached skill level 13 in Axes
  7046 | D:6      | You fall into a shaft and drop 2 floors!
  7178 | D:8      | Found a shadowy altar of Dithmenos.
  7181 | D:8      | Noticed a yak
  7181 | D:8      | Noticed a yak
  7181 | D:8      | Noticed a yak
  7182 | D:8      | Noticed a yak
  7183 | D:8      | Noticed a yak
  7243 | D:8      | Noticed a wyvern
  7257 | D:8      | Killed a wyvern
  7258 | D:8      | Reached XP level 9. HP: 56/71 MP: 9/9
  7323 | D:7      | Reached skill level 14 in Axes
  7652 | D:7      | Found an ornate altar of the Wu Jian Council.
  7661 | D:8      | Found a sparkling altar of Nemelex Xobeh.
  7667 | D:8      | Found a glowing silver altar of Zin.
  7667 | D:8      | Found a blossoming altar of Fedhas.
  7699 | D:8      | Reached skill level 5 in Fighting
  7711 | D:8      | Reached skill level 5 in Armour
  8296 | D:7      | Found an iron altar of Okawaru.
  8305 | D:7      | Became a worshipper of Warmaster Okawaru
  8305 | D:7      | Reached * piety under Okawaru
  8305 | D:7      | Reached ** piety under Okawaru
  8395 | D:7      | Identified the +5 ring mail of the Stopping Gods {Harm rF-
                  | Str+6 Slay+5}
  8417 | D:7      | Found a glowing golden altar of the Shining One.
  8430 | D:7      | Reached skill level 1 in Invocations
  8745 | D:7      | Reached XP level 10. HP: 72/88 MP: 11/11
  8815 | D:7      | Found a white marble altar of Elyvilon.
  9112 | D:7      | Noticed Menkaure
  9116 | D:7      | Killed Menkaure
  9346 | D:7      | Found a bloodstained altar of Trog.
  9786 | D:8      | Reached *** piety under Okawaru
 10504 | D:9      | Reached skill level 5 in Invocations
 10676 | D:9      | Found a staircase to the Orcish Mines.
 10681 | Orc:1    | Entered Level 1 of the Orcish Mines
 10888 | Orc:2    | Entered Level 2 of the Orcish Mines
 11559 | Orc:2    | Found a staircase to the Elven Halls.
 11585 | Orc:2    | Reached **** piety under Okawaru
 11631 | Orc:2    | Noticed an orc knight
 11943 | D:10     | Entered Level 10 of the Dungeon
 12056 | D:10     | Found a basalt altar of Yredelemnul.
 12073 | D:10     | Reached skill level 10 in Fighting
 12073 | D:10     | Reached XP level 11. HP: 99/99 MP: 16/16
 12101 | D:10     | Noticed a two-headed ogre
 12132 | D:10     | Killed a two-headed ogre
 12299 | D:10     | Found a shimmering altar of Xom.
 12546 | D:10     | Found Eranestro's Serpentskin Sales.
 12563 | D:10     | Bought a ring of poison resistance for 200 gold pieces
 12909 | D:10     | Found a radiant altar of Vehumet.
 12966 | D:10     | Got the Enchiridion on Nightshade
 12996 | D:10     | Found a burning altar of Makhleb.
 12996 | D:10     | Noticed a balrug
 13085 | D:11     | Noticed a boulder beetle
 13293 | D:11     | Reached ***** piety under Okawaru
 13358 | D:11     | Reached skill level 10 in Armour
 13523 | D:11     | Found a staircase to the Lair.
 14061 | Lair:1   | Entered Level 1 of the Lair of Beasts
 14098 | Lair:1   | Received a gift from Okawaru
 14125 | Lair:1   | Identified the +1 robe of Ychur {rPois Dex+3 Stlth-}
 14190 | Lair:1   | Reached skill level 10 in Invocations
 14201 | Lair:1   | Reached XP level 12. HP: 67/112 MP: 15/19
 14333 | Lair:1   | Found a radiant altar of Vehumet.
 14373 | Lair:1   | Found an opulent altar of Gozag.
 14402 | Lair:1   | Upgraded the game from 0.31-a0-102-g33a4ccc0cb to
                  | 0.31-a0-117-g42d8f58691
 15570 | Lair:2   | Noticed an eight-headed hydra
 15657 | Lair:2   | Received a gift from Okawaru
 15783 | Lair:2   | Reached skill level 1 in Shields
 16036 | Lair:2   | Found a staircase to the Snake Pit.
 16061 | Lair:2   | Reached ****** piety under Okawaru
 16435 | Lair:2   | Reached skill level 5 in Shields
 16828 | Snake:1  | Entered Level 1 of the Snake Pit
 16846 | Snake:1  | Noticed a naga warrior
 17248 | Lair:3   | Noticed a five-headed hydra
 17420 | Lair:3   | HP: 4/113 [12-headed hydra (4)]
 17420 | Lair:3   | Slain by a 12-headed hydra

Illustrated notes

Levels and vault maps discovered:
D:1:      dpeg_arrival_houses_and_road, layout_rooms
D:2:      layout_basic, hellmonk_ecumenical_altar_crossroads, nicolae_wormholes,
          uniq_crazy_yiuf_cottage
D:3:      layout_basic, cheibrodos_ashenzari_chains
D:4:      layout_basic, lemuel_tele_altar, cheibrodos_sewer_entry_drain,
          palyth_stone_intersect, uniq_blork_the_orc
D:5:      layout_basic, minmay_temple_entry_butterflies
D:6:      layout_gridville, serial_shops, shop, hex_tiny
D:7:      layout_loops_ring, trog_book, okawaru_gym_becter,
          mainiacjoe_overflow_paths, mainiacjoe_overflow_six_doors_small,
          elyvilon_altar_3, minmay_misc_feat_rugged, uniq_menkaure
D:8:      layout_loops_ring, nicolae_dithmenos_the_darkroom,
          gammafunk_temple_overflow_forgotten, skrybe_limestone_x
D:9:      layout_basic, orc_0_dummy
D:10:     layout_cross, overflow_temple_1_default, lemuel_doored_altar,
          overflow_temple_1_default, makhleb_altar_promises_db,
          guppyfry_shop_venom
D:11:     layout_rooms, minmay_lair_entry_grove
Temple:   nicolae_temple_bog_church
Lair:1:   layout_small_grid, basic_altar, enter_volcano_3, lemuel_centaur_altar
Lair:2:   layout_gridlike, nicolae_snake_entry_squirm
Lair:3:   layout_hall_layers, minmay_swamp_entry_swarm
Snake:1:  layout_misc_corridors, minmay_shop_star, grunt_megastairs_2
Orc:1:    layout_diamond_mine, serial_shops, nicolae_shop_trees,
          nicolae_orc_lava_room
Orc:2:    st_orc_pillars, layout_diamond_mine

Skill      XL: |  1  2  3  4  5  6  7  8  9 10 11 12 |
---------------+-------------------------------------+-----
Fighting       | 4 7 10 11 12 | 12.5
Axes           | 5 6 7 8 10 13 14 | 14.0
Armour         | 1 2 3 4 7 9 10 11 | 11.5
Invocations    | 1 6 10 | 10.9
Shields        | 7 |  7.5
Dodging        | |  2.4

Action                     |  1- 3 |  4- 6 |  7- 9 | 10-12 || total
---------------------------+-------+-------+-------+-------++-------
  Melee: Hand axe          |   122 |   174 |   260 |   657 ||  1213
  Throw: Boomerang         |       |     5 |     2 |     4 ||    11
         Dart              |       |       |       |     3 ||     3
 Invoke: Heroism           |       |       |       |     2 ||     2
         Finesse           |       |       |       |     1 ||     1
    Use: Scroll            |     1 |     4 |     6 |     5 ||    16
         Potion            |       |     7 |     2 |     3 ||    12
 Armour: Robe              |    28 |    30 |    13 |       ||    71
         Skin              |       |     1 |       |       ||     1
         Scale mail        |       |       |    45 |   306 ||   351
  Dodge: Dodged            |    58 |   108 |   151 |   357 ||   674
  Block: Kite shield       |       |       |       |   101 ||   101

Table legend: (Time is in decaauts)
 A = Elapsed time spent in this place.
 B = Non-inter-level travel time spent in this place.
 C = Inter-level travel time spent in this place.
 D = Time resting spent in this place.
 E = Time spent auto-exploring this place.
 F = Levels seen in this place.
 G = Mean time per level.
                   A        B        C        D        E       F      G
               +--------+--------+--------+--------+--------+-----+--------+
         Total |  17588 |  16939 |    649 |   5032 |   7674 |  19 |  925.7 |
       Dungeon |  11646 |  11199 |    447 |   3096 |   5614 |  11 | 1058.7 |
        Temple |    256 |    256 |      0 |      0 |    165 |   1 |  256.0 |
          Lair |   3242 |   3052 |    190 |    830 |   1348 |   3 | 1080.7 |
     Snake Pit |     30 |     30 |      0 |      0 |      8 |   1 |   30.0 |
  Orcish Mines |   1051 |   1039 |     12 |    723 |     43 |   2 |  525.5 |
         Sewer |   1361 |   1361 |      0 |    383 |    495 |   1 | 1361.0 |
               +--------+--------+--------+--------+--------+-----+--------+

Top non-repeatable levels by time:
     D:8: 1623 daAuts
  Lair:2: 1554 daAuts
  Lair:1: 1423 daAuts
    D:10: 1420 daAuts
   Sewer: 1361 daAuts
     D:4: 1321 daAuts
     D:7: 1320 daAuts
     D:6: 1165 daAuts
     D:5: 1063 daAuts
     D:2: 945 daAuts
   Orc:1: 846 daAuts
     D:3: 812 daAuts
    D:11: 774 daAuts
     D:9: 671 daAuts
     D:1: 527 daAuts
